 Dungeon Crawl Stone Soup version 0.29-a0-321-gf1c400731a (webtiles) character file.

Game seed: 1186735619838485807

159 Cecur the Digger (level 5, -3/31 HPs)
             Began as an Octopode Earth Elementalist on Apr 4, 2022.
             Was a Follower of Qazlal.
             Slain by Sigmund
             ... wielding a +4 scythe
              (5 damage)
             ... on level 3 of the Dungeon.
             The game lasted 00:04:07 (3138 turns).

Cecur the Digger (Octopode Earth Elementalist)      Turns: 3138, Time: 00:04:08

Health: -3/31      AC:  1    Str:  8    XL:     5   Next: 40%
Magic:  3/9        EV: 14    Int: 27    God:    Qazlal [*.....]
Gold:   136        SH:  7    Dex: 18    Spells: 5/9 levels left

rFire   . . .      SeeInvis .   q - +7 hunting sling "Kat Gets" {freeze, Will- Int+2 Dex+6}
rCold   . . .      Faith    .   (no shield)
rNeg    . . .      Spirit   .   (helmet restricted)
rPois   .          Reflect  +   c - amulet of reflection
rElec   .          Harm     .   h - +6 ring of intelligence
rCorr   .          Rampage  .   (no ring)
Will    .....                   (no ring)
Stlth   +++.......              (no ring)
HPRegen 0.10/turn               (no ring)
MPRegen 0.11/turn               (no ring)
                                (no ring)
                                (no ring)

@: no status effects
A: almost no armour, amphibious, 8 rings, camouflage 1, gelatinous body 1,
(nimble swimmer 1), tentacles
a: Renounce Religion


You were on level 3 of the Dungeon.
You worshipped Qazlal.
Qazlal was aware of your devotion.
You visited 1 branch of the dungeon, and saw 3 of its levels.

You collected 136 gold pieces.

Inventory:

Hand Weapons
 p - a +2 short sword of holy wrath
 q - the +7 hunting sling "Kat Gets" (weapon) {freeze, Will- Int+2 Dex+6}
   (You found it on level 3 of the Dungeon)

   Any ammunition fired from it freezes those it strikes, dealing additional
   cold damage.
   It can also slow down cold-blooded creatures.
   Int:       It affects your intelligence (+2).
   Dex:       It affects your dexterity (+6).
   Will:      It decreases your willpower.
Missiles
 e - a throwing net
Jewellery
 c - an amulet of reflection (around mantle)
 h - a +6 ring of intelligence (left tentacle)
 o - a ring of protection from cold
Scrolls
 d - a scroll of enchant weapon {unknown}
 g - a scroll of enchant armour {unknown}
 i - 2 scrolls of amnesia {unknown}
 j - a scroll of noise {unknown}
 k - 2 scrolls of teleportation {unknown}
 l - 3 scrolls of fear {unknown}
 n - 3 scrolls of identify {unknown}
Potions
 a - a potion of brilliance {unknown}
 b - a potion of magic
 f - 2 potions of curing
 m - a potion of haste {unknown}


   Skills:
 * Level 2.4 Dodging
 - Level 2.8 Stealth
 + Level 0.8 Unarmed Combat
 + Level 2.8 Spellcasting
 * Level 0.2 Conjurations
 + Level 1.0 Transmutations
 + Level 4.0 Earth Magic
 * Level 2.7 Invocations


You had 5 spell levels left.
You knew the following spells:

 Your Spells              Type           Power      Damage    Failure   Level
a - Sandblast             Erth           50%        2d12      1%          1
b - Stone Arrow           Conj/Erth      30%        3d8       11%         3

Your spell library contained the following spells:

 Spells                   Type           Power      Damage    Failure   Level
 Passwall                 Tmut/Erth      14%        N/A       4%          2
 Foxfire                  Conj/Fire      16%        2x1d4     9%          1
 Freeze                   Ice            12%        1d4       9%          1
 Ensorcelled Hibernation  Hex/Ice        6%         N/A       14%         2
 Spider Form              Tmut/Pois      6%         N/A       22%         3
 Conjure Flame            Conj/Fire      4%         6-21      26%         3
 Frozen Ramparts          Ice            6%         1d2       26%         3
 Inner Flame              Hex/Fire       3%         N/A       26%         3
 Petrify                  Tmut/Erth      17%        N/A       30%         4
 Flame Wave               Conj/Fire      4%         2d5       63%         4
 Hailstorm                Conj/Ice       4%         3d4       63%         4
 Anguish                  Hex/Necr       1%         N/A       65%         4
 Summon Ice Beast         Ice/Summ       3%         N/A       65%         4
 Summon Mana Viper        Hex/Summ       3%         N/A       94%         5
 Monstrous Menagerie      Summ           1%         N/A       100%        7


Dungeon Overview and Level Annotations

Branches:
Dungeon (3/15)

Altars:
Qazlal

Annotations:
D:3 Sigmund


Innate Abilities, Weirdness & Mutations

You cannot wear most types of armour.
You are amphibious.
You can wear up to eight rings at the same time.
Your skin changes colour to match your surroundings (Stealth+).
Your rubbery body absorbs attacks. (AC +1, EV +1)
((You are camouflaged when in or above water. (Stealth+)))
You have tentacles for arms and can constrict up to eight enemies at once.


Message History

The sling bullet closely misses Sigmund.
Sigmund casts a spell at you. You resist with significant effort.
Sigmund points at you and mumbles some strange words.
You are confused.
You see here 5 poisoned darts.
You bump into the rock wall.
Sigmund says, "Now you see me, now you don't..."
Sigmund hits you from afar with a +4 scythe!
You see here 5 poisoned darts.
You bump into the rock wall.
Sigmund barely misses you.
You are too injured to fight recklessly!
Non-targeted confused fire: q) +7 hunting sling "Kat Gets" {freeze, Will- Int+2 Dex+6}
Press: ? - help, Q - select action, (/) - cycle Dir - look around, f - activate
Okay, then.
You shoot a sling bullet.
You feel less confused.
Sigmund hits you from afar with a +4 scythe!
* * * LOW HITPOINT WARNING * * *
It was a potion of curing.
You feel better.
You are too injured to fight recklessly!
Casting: Sandblast (safe; 1% risk of failure)
Confirm with . or Enter, or press ? or * to list all spells.
The spell is quite dangerous to miscast (11% risk of failure)!
Continue anyway?
Aiming: Stone Arrow (quite dangerous; 11% risk of failure)
Press: ? - help, Shift-Dir - straight line, f/p - Sigmund
Aim: Sigmund, wielding a +4 scythe and wearing a +0 robe of willpower (moderately wounded, 64% to hit)
The stone arrow hits Sigmund!
Sigmund is almost dead.
Sigmund hits you from afar with a +4 scythe!
* * * LOW HITPOINT WARNING * * *
Casting: Stone Arrow (quite dangerous; 11% risk of failure)
Confirm with . or Enter, or press ? or * to list all spells.
The spell is quite dangerous to miscast (11% risk of failure)!
Continue anyway?
Aiming: Stone Arrow (quite dangerous; 11% risk of failure)
Press: ? - help, Shift-Dir - straight line, f/p - Sigmund
Aim: Sigmund, wielding a +4 scythe and wearing a +0 robe of willpower (almost dead, 64% to hit)
The stone arrow misses Sigmund.
Sigmund hits you from afar with a +4 scythe.
You die...

### ##.################
#.#...<.......##...
##.#####..........#
...#######.#####.#######...
........@.@...##...........
...#######.##.....######...
#..####.## ##.# ##.# #.#
#.) #.# #.# ####.#
####.####.# #....#
#.......#.# #.####
#.##.##.#[# #.#
#.##.##.#.## ##.##


You could see Sigmund.

Vanquished Creatures
  A scorpion (D:2)
  Terence (D:3)
  2 adders
  A dart slug (D:2)
  An orc (D:3)
  7 endoplasms
  3 giant cockroaches
  7 goblins
  4 hobgoblins
  3 jackals (D:3)
  4 kobolds
  4 quokkas
  3 ball pythons
  3 bats
  5 frilled lizards
  4 rats
53 creatures vanquished.

Notes
Turn   | Place    | Note
-------+----------+-------------------------------------------
     0 | D:1      | Cecur the Octopode Earth Elementalist began the quest for
                  | the Orb.
     0 | D:1      | Reached XP level 1. HP: 11/11 MP: 3/3
   108 | D:1      | Reached XP level 2. HP: 15/17 MP: 0/5
   951 | D:1      | Found a faded altar of an unknown god.
   954 | D:1      | Prayed at the altar of an unknown god.
   954 | D:1      | Became a worshipper of Qazlal Stormbringer
   954 | D:1      | Reached * piety under Qazlal
  1163 | D:2      | Reached XP level 3. HP: 21/21 MP: 1/6
  1854 | D:2      | Noticed a scorpion
  1858 | D:2      | Killed a scorpion
  1859 | D:2      | Reached skill level 4 in Earth Magic
  1859 | D:2      | Reached XP level 4. HP: 27/27 MP: 3/7
  2325 | D:3      | Learned a level 3 spell: Stone Arrow
  2483 | D:3      | Reached XP level 5. HP: 29/31 MP: 6/9
  2784 | D:3      | Noticed Terence
  2794 | D:3      | Killed Terence
  2937 | D:3      | Identified the +7 hunting sling "Kat Gets" {freeze, Will-
                  | Int+2 Dex+6}
  3122 | D:3      | Noticed Sigmund
  3138 | D:3      | Slain by Sigmund

Illustrated notes

Levels and vault maps discovered:
D:1:      scummos_arrival_checkerplants, layout_loops_ring,
          shapermc_ecumenical_altar_hornbeckon
D:2:      layout_basic
D:3:      layout_loops_ring, grunt_decor_clamped, minmay_strange_pillars,
          uniq_terence, uniq_sigmund, uniq_ijyb

Skill      XL: |  1  2  3 |
---------------+----------+-----
Earth Magic    | 4 |  4.0
Invocations    | 2 |  2.7
Dodging        | |  2.4
Stealth        | |  2.8
Unarmed Combat | |  0.8
Spellcasting   | |  2.8
Conjurations   | |  0.2
Transmutations | |  1.0

Action                   |  1- 3 |  4- 6 || total
-------------------------+-------+-------++-------
Melee: Unarmed           |    31 |     3 ||    34
       Constrict         |     8 |     5 ||    13
       Punch             |     2 |       ||     2
       Tentacles         |     8 |     5 ||    13
       Short sword       |       |    20 ||    20
 Fire: Hunting sling     |       |     8 ||     8
 Cast: Sandblast         |    34 |    17 ||    51
       Stone Arrow       |       |     2 ||     2
  Use: Potion            |       |     1 ||     1
 Stab: Distracted        |     1 |       ||     1
       Sleeping          |     5 |       ||     5
Armor: Skin              |     4 |     1 ||     5
Dodge: Dodged            |    17 |    14 ||    31
Block: Other             |     2 |    11 ||    13

Table legend: (Time is in decaauts)
 A = Elapsed time spent in this place.
 B = Non-inter-level travel time spent in this place.
 C = Inter-level travel time spent in this place.
 D = Time resting spent in this place.
 E = Time spent auto-exploring this place.
 F = Levels seen in this place.
 G = Mean time per level.
                   A        B        C        D        E       F      G
               +--------+--------+--------+--------+--------+-----+--------+
         Total |   3142 |   3097 |     45 |      0 |   2735 |   3 | 1047.3 |
       Dungeon |   3142 |   3097 |     45 |      0 |   2735 |   3 | 1047.3 |
               +--------+--------+--------+--------+--------+-----+--------+

Top non-repeatable levels by time:
     D:2: 1195 daAuts
     D:1: 1123 daAuts
     D:3: 822 daAuts
